 Dungeon Crawl Stone Soup version 0.29.1-1-gd02db6906a (webtiles) character file.

Game seed: 18132769849573359022

1033 MajorAdolf the Magician (level 8, -23/64 HPs)
             Began as a Naga Wanderer on Sept 12, 2022.
             Killed from afar by a gargoyle (27 damage)
             ... with a stone arrow
             ... on level 6 of the Dungeon on Sept 28, 2022.
             The game lasted 00:14:50 (7845 turns).

MajorAdolf the Magician (Naga Wanderer)             Turns: 7845, Time: 00:14:51

Health: -23/64     AC:  3    Str: 17    XL:     8   Next: 24%
Magic:  12/16      EV:  9    Int: 14    God:
Gold:   289        SH:  5    Dex:  9    Spells: 8/18 levels left

rFire   . . .      SeeInvis +   B - staff of conjuration
rCold   . . .      Faith    .   (no shield)
rNeg    . . .      Spirit   .   y - +0 robe
rPois   +          Reflect  +   (no helmet)
rElec   .          Harm     .   (no cloak)
rCorr   .          Rampage  .   (no gloves)
Will    +....                   (no barding)
Stlth   +.........              f - amulet of reflection
HPRegen 0.20/turn               (no ring)
MPRegen 0.15/turn               (no ring)

@: very slow
A: AC +2, large, see invisible, deformed body, poison resistance, slowness 2,
spit poison 1, naga tail 1
a: Spit Poison


You were on level 6 of the Dungeon.
You visited 2 branches of the dungeon, and saw 7 of its levels.

You collected 289 gold pieces.

Inventory:

Hand Weapons
 j - a +1 dagger of holy wrath
 t - the +7 battleaxe "Jusa" {flame, rCorr SInv}
   (You found it on level 3 of the Dungeon)

   It burns those it strikes, dealing additional fire damage.
   Big, fiery blades are also staple armaments of hydra-hunters.
   SInv:      It lets you see invisible.
   rCorr:     It protects you from acid and corrosion.
 z - a +5 club
Missiles
 b - 9 boomerangs
Armour
 y - a +0 robe (worn)
Magical Staves
 u - a staff of earth
 B - a staff of conjuration (weapon)
Jewellery
 f - an amulet of reflection (around neck)
 k - a ring of ice
 q - a ring of fire
Wands
 A - a wand of iceblast (8)
 C - a wand of digging (5)
Scrolls
 c - 2 scrolls of vulnerability
 d - 2 scrolls of fear
 n - 2 scrolls of torment
 p - 2 scrolls of fog
 w - a scroll of poison
 D - a scroll of blinking
 E - a scroll of noise
Potions
 a - 2 potions of resistance
 e - a potion of ambrosia
 i - a potion of cancellation {unknown}
 l - 3 potions of flight {unknown}
 m - a potion of mutation {unknown}
 o - 2 potions of invisibility {unknown}
 r - 2 potions of curing {unknown}
 s - 3 potions of heal wounds {unknown}
 v - 2 potions of might {unknown}
 x - a potion of haste {unknown}


   Skills:
 - Level 1.0 Fighting
 - Level 3.6 Throwing
 - Level 1.0 Unarmed Combat
 + Level 5.6 Spellcasting
 + Level 4.8 Conjurations
 + Level 4.6 Hexes
 - Level 4.0 Poison Magic


You had 8 spell levels left.
You knew the following spells:

 Your Spells              Type           Power      Damage    Failure   Level
a - Sting                 Tmut/Pois      36%        1d4       8%          1
b - Searing Ray           Conj           52%        2d6       3%          2
c - Fulminant Prism       Conj/Hex       12%        3d9       24%         4
d - Mephitic Cloud        Conj/Pois/Air  18%        N/A       14%         3

Your spell library contained the following spells:

 Spells                   Type           Power      Damage    Failure   Level
 Magic Dart               Conj           100%       1d8       2%          1
 Confusing Touch          Hex            16%        N/A       8%          3
 Poisonous Vapours        Pois/Air       18%        N/A       11%         2
 Call Imp                 Summ           3%         N/A       26%         2
 Olgreb's Toxic Radiance  Pois           15%        N/A       30%         4
 Corpse Rot               Necr/Pois/Air  7%         N/A       67%         4
 Yara's Violent Unravell  Hex/Tmut       5%         3d4       87%         5
 Enfeeble                 Hex            8%         N/A       100%        7


Dungeon Overview and Level Annotations

Branches:
Dungeon (6/15)             Temple (1/1) D:5

Altars:
Cheibriados
Dithmenos
Elyvilon
Fedhas
Gozag
Hepliaklqana
Kikubaaqudgha
Makhleb
Nemelex Xobeh
Qazlal
Ru
Sif Muna
Trog
Vehumet
Wu Jian
Yredelemnul
Zin
The Shining One

Annotations:
D:2 1 runed translucent door, Crazy Yiuf


Innate Abilities, Weirdness & Mutations

Your serpentine skin is tough. (AC +2)
You have supernaturally acute eyesight. (SInv)
Armour fits poorly on your strangely shaped body.
Your system is resistant to poisons. (rPois)
You cover ground very slowly.
You can spit poison.
You have a snake-like lower body.


Message History

Your orc wizard barely misses the gargoyle.
Unknown command.
Cast which spell? (? or * to list)
Okay, then.
Cast which spell? (? or * to list)
Aiming: Searing Ray (safe; 3% risk of failure)
Press: ? - help, Shift-Dir - straight line, f - gargoyle
Aim: a gargoyle, wielding a +0 flail (ally target, 90% to hit)
You feel a surge of power!
The searing ray hits the gargoyle but does no damage. (Press . to maintain the ray.)
Your adder bites the gargoyle.
Your orc wizard hits the gargoyle but does no damage.
The gargoyle hits you with a +0 flail!!
Your adder barely misses the gargoyle.
The searing ray hits the gargoyle!
The gargoyle is moderately damaged.
Your orc wizard hits the gargoyle but does no damage.
The gargoyle barely misses you.
Your adder bites the gargoyle.
The searing ray hits the gargoyle but does no damage.
The gargoyle is moderately damaged.
Your adder dissolves into shadows!
Your orc wizard hits the gargoyle but does no damage.
The gargoyle barely misses you.
Unknown command.
The searing ray hits the gargoyle but does no damage.
The gargoyle is moderately damaged.
You finish channelling your searing ray.
The gargoyle hurls a stone arrow at you.
The stone arrow hits you!
* * * LOW HITPOINT WARNING * * *
Your orc wizard barely misses the gargoyle.
Unknown command.
Your orc wizard dissolves into shadows!
Your white imp hits the gargoyle.
Your white imp freezes the gargoyle.
The gargoyle attacks as you move away! The gargoyle hits you with a +0 flail!
* * * LOW HITPOINT WARNING * * *
Your white imp barely misses the gargoyle.
The gargoyle hurls a stone arrow at you.
The stone arrow hits you!!
You die...

### #<# ###.###
#..o..# #.#.#.#
.....#.#########
#......#.>........
#......#..@...###
##.#.###...95.#
#..#.#.......## #.
#.#.##.....#
...........#
####.##...#.... #.
########.[. . .. #
.


You could see a gargoyle (ally target) and a friendly white imp (summoned).

Vanquished Creatures
  Sigmund (D:3)
  2 ice beasts
  2 phantoms (D:5)
  A scorpion (D:4)
  A howler monkey (D:5)
  A jelly (D:5)
  2 hounds
  An iguana (D:4)
  3 orc wizards (D:3)
  Ijyb (D:3)
  11 gnolls
  4 adders
  A white imp (D:4)
  3 worms (D:3)
  10 orcs
  9 ball pythons
  2 bats (D:2)
  3 endoplasms
  3 giant cockroaches
  11 goblins
  7 hobgoblins
  4 jackals
  A quokka (D:2)
  3 frilled lizards
  3 kobolds
  6 rats
96 creatures vanquished.

Notes
Turn   | Place    | Note
-------+----------+-------------------------------------------
     0 | D:1      | MajorAdolf the Naga Wanderer began the quest for the Orb.
     0 | D:1      | MajorAdolf set off with the following items: a +0 dagger, 7
                  | boomerangs, a scroll of vulnerability, a scroll of fear, a
                  | +0 leather armour; and the following spell memorised:
                  | Sting; and the following spells available to memorise:
                  | Mephitic Cloud, Corpse Rot.
     0 | D:1      | Reached XP level 1. HP: 18/18 MP: 2/2
   344 | D:1      | Reached XP level 2. HP: 22/25 MP: 4/4
   538 | D:1      | Reached skill level 2 in Spellcasting
  1208 | D:1      | Found a faded altar of an unknown god.
  1257 | D:2      | Reached XP level 3. HP: 31/31 MP: 6/6
  1440 | D:2      | Learned a level 2 spell: Searing Ray
  1747 | D:2      | Found a runed translucent door.
  1748 | D:2      | Noticed Crazy Yiuf
  1778 | D:2      | Reached skill level 3 in Spellcasting
  2118 | D:2      | Reached XP level 4. HP: 17/38 MP: 8/8
  2459 | D:2      | Reached skill level 1 in Conjurations
  2835 | D:2      | Learned a level 4 spell: Fulminant Prism
  3648 | D:3      | Identified the +7 battleaxe "Jusa" {flame, rCorr SInv}
  3659 | D:3      | Noticed Ijyb
  3945 | D:4      | Reached skill level 1 in Hexes
  3945 | D:4      | Reached XP level 5. HP: 36/44 MP: 4/10
  4422 | D:4      | Reached skill level 4 in Spellcasting
  4518 | D:4      | Reached XP level 6. HP: 51/51 MP: 12/12
  4618 | D:4      | Noticed an ice beast
  4630 | D:4      | Killed an ice beast
  5224 | D:4      | Learned a level 3 spell: Mephitic Cloud
  5448 | D:3      | Killed Ijyb
  5684 | D:3      | Reached XP level 7. HP: 36/57 MP: 13/13
  6202 | D:3      | Noticed Sigmund
  6217 | D:3      | Killed Sigmund
  6605 | D:5      | Entered Level 5 of the Dungeon
  6616 | D:5      | Reached skill level 5 in Spellcasting
  6971 | D:5      | Found a staircase to the Ecumenical Temple.
  7000 | D:5      | Found a sparkling altar of Nemelex Xobeh.
  7001 | D:5      | Found a bloodstained altar of Trog.
  7008 | D:5      | Found a hazy altar of Hepliaklqana.
  7008 | D:5      | Found a burning altar of Makhleb.
  7010 | D:5      | Found an opulent altar of Gozag.
  7011 | D:5      | Found a snail-covered altar of Cheibriados.
  7047 | D:5      | Reached XP level 8. HP: 41/64 MP: 1/15
  7630 | Temple   | Entered the Ecumenical Temple
  7788 | D:5      | Upgraded the game from 0.29.1 to 0.29.1-1-gd02db6906a
  7833 | D:6      | Noticed a gargoyle
  7845 | D:6      | Killed from afar by a gargoyle

Illustrated notes

Levels and vault maps discovered:
D:1:      onia_arrival_pentagram, layout_basic,
          dilly_ecumenical_altar_fadedgnrine
D:2:      layout_basic, minmay_tiny_reverse_x, uniq_crazy_yiuf_cottage
D:3:      layout_loops_cross, kennysheep_boxes, uniq_sigmund, uniq_ijyb
D:4:      layout_basic
D:5:      layout_cave_pools, grunt_temple_overflow_open,
          minmay_temple_entry_mini_moons
D:6:      layout_basic, portal_sewer_entry_c, minmay_starry_boxes
Temple:   hellmonk_temple_flake

Skill      XL: |  1  2  3  4  5  6  7 |
---------------+----------------------+-----
Spellcasting   | 2 3 4 5 |  5.6
Conjurations   | 1 2 3 4 |  4.8
Hexes          | 1 2 3 4 |  4.6
Fighting       | |  1.0
Throwing       | |  3.6
Unarmed Combat | |  1.0
Poison Magic   | |  4.0

Action                   |  1- 3 |  4- 6 |  7- 9 || total
-------------------------+-------+-------+-------++-------
Melee: Dagger            |    51 |    47 |       ||    98
       Battleaxe         |       |    38 |    12 ||    50
       Staff             |       |       |     5 ||     5
Throw: Boomerang         |       |     1 |       ||     1
 Cast: Searing Ray       |     1 |    19 |    20 ||    40
       Mephitic Cloud    |       |     1 |     2 ||     3
 Abil: Spit Poison       |    39 |    11 |       ||    50
  Use: Scroll            |       |       |     8 ||     8
 Stab: Confused          |       |       |     1 ||     1
Armor: Leather armour    |     3 |       |       ||     3
       Skin              |     5 |    18 |       ||    23
       Robe              |       |     4 |     7 ||    11
Dodge: Dodged            |    43 |    48 |    21 ||   112
Block: Other             |    15 |    26 |    12 ||    53
       Reflection        |     1 |       |     1 ||     2
